 Dungeon Crawl Stone Soup version 0.29.1-2-gbd0b4ee654 (webtiles) character file.

Game seed: 2624445856418124415

30 qeuew the Trooper (level 3, -2/33 HPs)
             Began as a Hill Orc Fighter on Nov 9, 2022.
             Slain by Terence
             ... wielding a +0 flail
              (9 damage)
             ... on level 2 of the Dungeon.
             The game lasted 00:01:14 (1329 turns).

qeuew the Trooper (Hill Orc Fighter)                Turns: 1329, Time: 00:01:15

Health: -2/33      AC:  6    Str: 18    XL:     3   Next: 20%
Magic:  3/3        EV:  9    Int:  8    God:
Gold:   67         SH:  4    Dex: 12    Spells: 2/2 levels left

rFire   . . .      SeeInvis .   a - +0 war axe
rCold   . . .      Faith    .   c - +0 buckler
rNeg    . . .      Spirit   .   b - +0 scale mail
rPois   .          Reflect  .   (no helmet)
rElec   .          Harm     .   (no cloak)
rCorr   .          Rampage  .   (no gloves)
Will    .....                   (no boots)
Stlth   ..........              (no amulet)
HPRegen 0.11/turn               (no ring)
MPRegen 0.08/turn               (no ring)

@: no status effects
A: no striking features
a: no special abilities


You were on level 2 of the Dungeon.
You visited 1 branch of the dungeon, and saw 2 of its levels.

You collected 67 gold pieces.

Inventory:

Hand Weapons
 a - a +0 war axe (weapon)
Armour
 b - a +0 scale mail (worn)
 c - a +0 buckler (worn)
Scrolls
 e - 2 scrolls of identify
 f - a scroll of teleportation
 i - a scroll of vulnerability {unknown}
 k - a scroll of blinking {unknown}
Potions
 d - a potion of might
 g - a potion of resistance
 h - a potion of degeneration {unknown}
 j - 2 potions of curing


   Skills:
 + Level 3.9 Fighting
 + Level 3.2 Axes
 + Level 3.5 Armour
 + Level 0.8 Dodging
 + Level 3.6 Shields


You had 2 spell levels left.
You didn't know any spells.
Your spell library contained the following spells:

 Spells                   Type           Power      Damage    Failure   Level
 Sublimation of Blood     Necr           0%         N/A       95%         2
 Petrify                  Tmut/Erth      0%         N/A       100%        4
 Irradiate                Conj/Tmut      0%         3d11      100%        5


Dungeon Overview and Level Annotations

Branches:
Dungeon (2/15)

Altars:

Annotations:
D:2 Terence


Message History

You barely miss Terence. The bat closely misses you.
Terence hits you with a +0 flail.
You slash Terence!
Terence is heavily wounded.
The bat closely misses you. Terence barely misses you.
You hit Terence.
Terence is heavily wounded.
The bat barely misses you. Terence barely misses you.
Terence drinks a potion.
Terence is healed!
You barely miss Terence. The bat closely misses you.
Terence hits you with a +0 flail!
You are too injured to fight recklessly!
You are too injured to fight recklessly!
You are too injured to fight recklessly!
You are too injured to fight recklessly!
You are too injured to fight recklessly!
You are too injured to fight recklessly!
You are too injured to fight recklessly!
You are too injured to fight recklessly!
You are too injured to fight recklessly!
You are too injured to fight recklessly!
You are too injured to fight recklessly!
You hit Terence but do no damage. You block the bat's attack. The bat hits you.
Terence hits you with a +0 flail. The bat hits you but does no damage.
Terence completely misses you.
You slash Terence!
Terence is severely wounded.
You miss the bat. The bat hits you but does no damage.
Terence hits you with a +0 flail.
* * * LOW HITPOINT WARNING * * *
You hit Terence.
Terence is almost dead.
You hit the bat. The bat closely misses you.
Terence hits you but does no damage. The bat hits you but does no damage.
You closely miss Terence.
Terence is almost dead.
You hit the bat.
You kill the bat!
You block Terence's attack. Terence hits you with a +0 flail!
You die...

#.# #.##.######..#......##
#####.# #.##.# #.#..##....#
....>.# #.##.##+###.#..##.##..
<.....# #.##.#......#..####...
####.## #.##.#.....#...# #...
#.# #.##.#######...# #... #.#
##.####...# ##.## ##... #.#
####...###...#.##.# ##....
.............@@.....#.# #.....
#.######...............##.....
#.# ##...........#.##......
#.# ###.........#.##≈~~.~.
###.........##≈~≈~~≈ #....####
##≈≈≈≈≈ .....# #≈≈≈≈≈ ######
##≈≈≈≈ #####


You could see Terence.

Vanquished Creatures
  A worm (D:2)
  2 endoplasms
  A giant cockroach (D:1)
  3 goblins (D:1)
  3 hobgoblins (D:1)
  3 quokkas
  4 ball pythons
  4 bats
  A kobold (D:1)
  5 rats (D:1)
27 creatures vanquished.

Notes
Turn   | Place    | Note
-------+----------+-------------------------------------------
     0 | D:1      | qeuew the Hill Orc Fighter began the quest for the Orb.
     0 | D:1      | Reached XP level 1. HP: 19/19 MP: 1/1
   226 | D:1      | Reached XP level 2. HP: 27/27 MP: 2/2
   958 | D:1      | Reached XP level 3. HP: 33/33 MP: 3/3
  1316 | D:2      | Noticed Terence
  1329 | D:2      | Slain by Terence

Illustrated notes

Levels and vault maps discovered:
D:1:      minmay_arrival_wavy_path, layout_basic, interstate_on_off
D:2:      layout_loops_ring, shapermc_ecumenical_altar_mp_vishouse,
          nicolae_underground_beach, uniq_terence, uniq_natasha

Skill      XL: |  1  2 |
---------------+-------+-----
Axes           | 3 |  3.2
Fighting       | |  3.9
Armour         | |  3.5
Dodging        | |  0.8
Shields        | |  3.6

Action                   || total
-------------------------++-------
Melee: War axe           ||    71
  Use: Scroll            ||     4
Armor: Scale mail        ||    32
Dodge: Dodged            ||    31
Block: Buckler           ||    17
